 Dungeon Crawl Stone Soup version 0.17.0 (webtiles) character file.

36 Eucla the Caller (level 3, -1/24 HPs)
             Began as a Merfolk Summoner on Nov 15, 2015.
             Shot with a stone by a goblin (3 damage)
             ... on level 2 of the Dungeon.
             The game lasted 00:02:24 (1561 turns).

Eucla the Caller (Merfolk Summoner)                 Turns: 1561, Time: 00:02:24

Health: -1/24      AC:  2    Str:  8    XL:     3   Next: 37%
Magic:  3/7        EV: 13    Int: 15    God:
Gold:   50         SH:  0    Dex: 14    Spells: 2 memorised, 4 levels left

rFire  . . .     SeeInvis .     e - +0 dagger
rCold  . . .     Clarity  .     a - +0 robe
rNeg   . . .     SustAt   .     (no shield)
rPois  .         Gourm    .     (no helmet)
rElec  .         Spirit   .     (no cloak)
rCorr  .         Warding  .     (no gloves)
rMut   .         Stasis   .     (no boots)
MR     .....                    (no amulet)
Stlth  ++........               (no ring)
                                (no ring)

@: not resistant to hostile enchantments, unstealthy
A: change form in water, swift swim
a: no special abilities


You were on level 2 of the Dungeon.
You were not hungry.

You visited 1 branch of the dungeon, and saw 2 of its levels.

You collected 50 gold pieces.

Inventory:

Hand Weapons
 e - a +0 dagger (weapon)
Armour
 a - a +0 robe (worn)
Scrolls
 g - a scroll of noise {unknown}
 h - a scroll of remove curse {unknown}
 i - 3 scrolls of identify {unknown}
 l - 2 scrolls of teleportation {unknown}
 n - a scroll of magic mapping {unknown}
Potions
 d - a potion of magic {unknown}
 f - a potion of mutation {unknown}
 k - a potion of degeneration {unknown}
Books
 b - a book of Callings

   Spells                             Type                      Level
   a - Summon Small Mammal            Summoning                    1
   b - Call Imp                       Summoning                    2
   c - Call Canine Familiar           Summoning                    3
   d - Summon Guardian Golem          Hexes/Summoning              3
   e - Summon Lightning Spire         Summoning/Air                4
   f - Summon Ice Beast               Ice/Summoning                4
Comestibles
 c - 2 bread rations
 j - a meat ration
 m - a chunk of flesh


   Skills:
 - Level 2.6 Dodging
 - Level 2.1 Stealth
 + Level 2.7 Spellcasting
 * Level 4.6 Summonings


You had 4 spell levels left.
You knew the following spells:

 Your Spells              Type           Power        Failure   Level  Hunger
a - Summon Small Mammal   Summ           ###.         3%          1    #......
b - Call Imp              Summ           ###.....     6%          2    ##.....


Dungeon Overview and Level Annotations

Branches:
Dungeon (2/15)

Altars:
Xom
Zin


Message History

Anything else - Stay silent.
Gang up on whom?
Press: ? - help, Dir - move target cursor, f - ooze
Aim: an ooze (severely wounded) Attack!
You hear a shout! x2
Your crimson imp blinks!
Your magical contamination has completely faded away.
The ooze misses your crimson imp.
The goblin wields a runed hunting sling.
The goblin shoots a stone.
The stone hits you.
* * * LOW HITPOINT WARNING * * *
Your crimson imp hits the ooze.
You see here a stone.
The ooze misses your crimson imp.
Your crimson imp hits the ooze.
The ooze dies!
Your crimson imp barely misses the goblin.
You see here a stone.
The goblin shoots a stone.
The stone hits you.
You die...

..# ...............#
..# ...g5........%#.
.#
######............
.#
###...........###.#.
.# ##.....(....#+##
.# ##...5...#.#.# .#
###....###.....#+##
.###....###
#..#(....# .......##
#..#@....# ......##
#..#.....# ....###
##.......# #####
###........#
......^....#
...........#
...........+
...........#
.............


You could see a goblin and a friendly crimson imp.

Vanquished Creatures
  2 adders (D:2)
  2 giant geckos (D:1)
  5 giant cockroaches
  A hobgoblin (D:1)
  2 bats (D:1)
  3 giant newts (D:1)
  3 kobolds (D:1)
  2 rats
20 creatures vanquished.

Vanquished Creatures (collateral kills)
  An ooze (D:2)
  A goblin (D:1)
  A hobgoblin (D:1)
  2 kobolds (D:1)
  A giant newt (D:1)
6 creatures vanquished.

Grand Total: 26 creatures vanquished

Notes
Turn   | Place    | Note
--------------------------------------------------------------
     0 | D:1      | Eucla the Merfolk Summoner began the quest for the Orb.
     0 | D:1      | Reached XP level 1. HP: 13/13 MP: 3/3
   487 | D:1      | Reached XP level 2. HP: 7/19 MP: 3/5
   494 | D:1      | Learned a level 2 spell: Call Imp
  1325 | D:2      | Reached XP level 3. HP: 16/24 MP: 2/6
  1527 | D:2      | Found a glowing silver altar of Zin.
  1527 | D:2      | Found a shimmering altar of Xom.
  1527 | D:2      | Noticed an angel
  1561 | D:2      | Shot with a stone by a goblin

Action                   || total
-------------------------++-------
Melee: Dagger            ||    80
       Unarmed           ||     6
 Cast: Summon Small Mamm ||     7
       Call Imp          ||     7
  Use: Potion            ||     3
 Stab: Distracted        ||     2
       Sleeping          ||     2
  Eat: Chunk             ||     3
